 Dungeon Crawl Stone Soup version 0.30.1-9-gdf580d7c3d (webtiles) character file.

Game seed: 12064100519211360813

2618 Woods the Insei (level 9, -1/81 HPs)
             Began as a Naga Transmuter on Oct 19, 2023.
             Was an Initiate of Cheibriados.
             Succumbed to a water moccasin's poison
             ... on level 7 of the Dungeon.
             The game lasted 00:25:54 (10518 turns).

Woods the Insei (Naga Transmuter)                  Turns: 10518, Time: 00:25:55

Health: -1/81      AC:  7    Str: 13    XL:     9   Next: 60%
Magic:  3/15       EV: 11    Int: 18    God:    Cheibriados [......]
Gold:   430        SH:  0    Dex: 14    Spells: 10/16 levels left

rFire   + .          .
                       - Unarmed
rCold   . . .        (no shield)
rNeg    . . .        a - +0 robe
rPois   +            w - +0 helmet
rElec   .            I - +0 cloak
rCorr   .            i - +0 pair of gloves
SInv    +            (no barding)
Will    +....        y - amulet of guardian spirit
Stlth   +++          K - ring of protection from fire
HPRegen 0.33/turn    (no ring)
MPRegen 0.14/turn

%: guardian spirit
@: lethally poisoned (-1 -> -64), very slow
A: AC +3, large, see invisible, deformed body, poison resistance, slowness 2,
spit poison 1, naga tail 1
a: Spit Poison, Renounce Religion


You were on level 7 of the Dungeon.
You worshipped Cheibriados.
Cheibriados was noncommittal.
You visited 2 branches of the dungeon, and saw 9 of its levels.
You also visited: Sewer.

You collected 430 gold pieces.

Inventory:

Hand Weapons
 G - the +5 mace "Myluf" {freeze, rN++}
   (You found it on level 8 of the Dungeon)

   rN:        It greatly protects you from negative energy.
Armour
 a - a +0 robe (worn)
 i - a +0 pair of gloves (worn)
 w - a +0 helmet (worn)
 D - a +0 hat
 I - a +0 cloak (worn)
 J - a scarf of invisibility
Jewellery
 y - an amulet of guardian spirit (around neck)
 E - a ring of ice
 K - a ring of protection from fire (left hand)
Wands
 t - a wand of flame (72)
 C - a wand of digging (5)
Scrolls
 c - 3 scrolls of immolation
 e - a scroll of teleportation
 f - a scroll of poison
 k - 3 scrolls of vulnerability
 n - 2 scrolls of magic mapping {unknown}
 q - a scroll of brand weapon {unknown}
 r - 2 scrolls of enchant armour {unknown}
 s - 6 scrolls of fog
 x - 3 scrolls of identify
 A - a scroll of silence {unknown}
 F - a scroll of blinking {unknown}
 H - a scroll of acquirement {unknown}
Potions
 b - a potion of experience {unknown}
 d - a potion of invisibility
 g - 3 potions of heal wounds {unknown}
 h - a potion of cancellation {unknown}
 j - a potion of degeneration {unknown}
 l - 2 potions of magic {unknown}
 m - 2 potions of brilliance {unknown}
 o - a potion of curing
 p - 2 potions of attraction {unknown}
 u - a potion of haste {unknown}
 v - 3 potions of resistance {unknown}
 z - a potion of mutation {unknown}
 B - a potion of flight {unknown}


   Skills:
 - Level 5.0 Fighting
 - Level 5.0 Dodging
 + Level 6.8 Stealth
 + Level 7.6 Unarmed Combat
 + Level 4.0 Spellcasting
 + Level 4.2 Transmutations
 - Level 3.0 Poison Magic


You had 10 spell levels left.
You knew the following spells:

 Your Spells              Type           Power      Damage    Failure   Level
a - Beastly Appendage     Tmut           36%        N/A       2%          1
b - Wereblood             Tmut           18%        N/A       4%          2
c - Spider Form           Tmut/Pois      16%        N/A       10%         3

Your spell library contained the following spells:

 Spells                   Type           Power      Damage    Failure   Level
 Passwall                 Tmut/Erth      9%         N/A       10%         2
 Ensorcelled Hibernation  Hex/Ice        6%         N/A       22%         2
 Swiftness                Air            3%         N/A       41%         3
 Ice Form                 Ice/Tmut       11%        N/A       52%         4


Dungeon Overview and Level Annotations

Branches:
Dungeon (8/15)             Temple (1/1) D:5           Sewer (visited)
   Lair: D:8-11

Altars:
Ashenzari
Cheibriados
Dithmenos
Elyvilon
Fedhas
Gozag
Makhleb
Nemelex Xobeh
Okawaru
Qazlal
Ru
Sif Muna
Trog
Uskayaw
Vehumet
Wu Jian
Xom
Yredelemnul
Zin
The Shining One

Shops:
D:2 [

Annotations:
D:2 Sigmund
D:5 2 runed translucent doors
D:7 Maggie


Innate Abilities, Weirdness & Mutations

Your serpentine skin is tough. (AC +3)
You have supernaturally acute eyesight. (SInv)
Armour fits poorly on your strangely shaped body.
Your system is resistant to poisons. (rPois)
You cover ground very slowly.
You can spit poison.
You have a snake-like lower body.


Message History

You bite the hound!
The hound looks as sick as possible!
The hound is severely wounded.
You feel sick. The hound misses you.
You hit the hound.
The hound is almost dead.
You feel sick. The hound bites you but does no damage.
You feel better.
You kill the hound!
Cheibriados thoroughly appreciates the change of pace.
The water moccasin misses you.
You hit the water moccasin.
The water moccasin is lightly wounded.
The water moccasin closely misses you.
You bite the water moccasin!
The water moccasin is moderately wounded.
The water moccasin completely misses you.
You bite the water moccasin!
The water moccasin is heavily wounded.
The water moccasin closely misses you.
You hit the water moccasin but do no damage.
The water moccasin is heavily wounded.
The water moccasin bites you.
You are poisoned.
The water moccasin poisons you! The water moccasin bites you.
* * * LOW HITPOINT WARNING * * *
You are lethally poisoned!
The water moccasin poisons you!
You closely miss the water moccasin.
The water moccasin is heavily wounded.
* * * LOW HITPOINT WARNING * * *
You feel extremely sick. The water moccasin bites you!
* * * LOW HITPOINT WARNING * * *
You are more poisoned.
The water moccasin poisons you!
Your transformation has ended.
Your +0 cloak unmelds from your body.
Your +0 helmet unmelds from your body.
Your +0 pair of gloves unmelds from your body.
Your +0 robe unmelds from your body.
You die...

..#..#.#..................
..........................
..........................
#.......##.#..............
#.......####..............
........###.........†..<..
........#.................
..##....S............#..#.
.....#.##@...........###).
..####....................
. .......................#
######........#......(#.
#.#....####.....###
#.#.....# ####### #
..#...### # ........ #
.).##....#


You could see a water moccasin.

Vanquished Creatures
  Pikel (D:7)
  A wyvern (D:8)
  A steam dragon (D:7)
  A water moccasin (D:8)
  2 ogres (D:6)
  A lemure (D:7)
  A phantom (D:5)
  2 kobold brigands
  2 bullfrogs
  A scorpion (D:4)
  5 wights (D:7)
  4 killer bees (D:7)
  3 hounds
  A jelly (D:5)
  A sleepcap (D:4)
  2 orc priests (D:5)
  Ijyb (D:3)
  An iguana (D:6)
  4 orc wizards
  12 adders
  13 river rats
  A shadow imp (D:7)
  4 worms
  7 dart slugs
  17 orcs
  12 ball pythons
  8 endoplasms
  4 giant cockroaches
  6 goblins
  7 hobgoblins
  6 quokkas
  4 bats
  A frilled lizard (D:1)
  34 kobolds
  24 rats
195 creatures vanquished.

Notes
Turn   | Place    | Note
-------+----------+-------------------------------------------
     0 | D:1      | Woods the Naga Transmuter began the quest for the Orb.
     0 | D:1      | Reached XP level 1. HP: 18/18 MP: 3/3
   149 | D:1      | Reached skill level 1 in Stealth
   343 | D:1      | Reached XP level 2. HP: 21/25 MP: 3/5
   776 | D:1      | Reached XP level 3. HP: 29/31 MP: 6/6
   904 | D:2      | Noticed Sigmund
   943 | D:2      | Found Efyol's Antique Armour Emporium.
  1254 | D:2      | Learned a level 2 spell: Wereblood
  1258 | D:2      | Learned a level 3 spell: Spider Form
  1848 | D:3      | Found an ornate altar of the Wu Jian Council.
  1974 | D:3      | Reached XP level 4. HP: 5/38 MP: 3/7
  2104 | D:3      | Reached skill level 1 in Poison Magic
  2176 | D:3      | Found a glowing drain.
  2180 | Sewer    | Entered a sewer
  2361 | Sewer    | Reached XP level 5. HP: 27/45 MP: 3/8
  3460 | Sewer    | Reached XP level 6. HP: 50/52 MP: 2/10
  4351 | D:3      | Noticed Ijyb
  4907 | D:3      | Killed Ijyb
  5079 | D:4      | Reached skill level 5 in Stealth
  5486 | D:4      | Reached skill level 4 in Unarmed Combat
  5880 | D:5      | Entered Level 5 of the Dungeon
  5947 | D:4      | Reached XP level 7. HP: 54/62 MP: 7/11
  6011 | D:5      | Found a staircase to the Ecumenical Temple.
  6687 | Temple   | Entered the Ecumenical Temple
  7611 | D:5      | Identified the +6 falchion "Ichucrug" {venom, rElec rC-
                  | rCorr Dex+4}
  7625 | D:4      | HP: 3/62 [poisoned by a kobold]
  8170 | D:5      | Reached skill level 5 in Unarmed Combat
  8265 | D:5      | Found a runed translucent door.
  8267 | D:5      | Found a runed translucent door.
  8540 | D:6      | You fall into a shaft and drop 2 floors!
  8588 | D:8      | Reached XP level 8. HP: 53/72 MP: 6/12
  8701 | D:8      | Noticed a wyvern
  8715 | D:8      | Killed a wyvern
  8947 | D:8      | Reached skill level 5 in Fighting
  9053 | D:8      | Identified the +5 mace "Myluf" {freeze, rN++}
  9068 | D:8      | Reached skill level 6 in Unarmed Combat
  9195 | D:7      | Noticed a yak
  9198 | D:7      | Noticed a yak
  9201 | D:7      | Noticed a yak
  9244 | D:7      | Reached skill level 7 in Unarmed Combat
  9247 | D:7      | Reached XP level 9. HP: 66/81 MP: 4/13
  9397 | D:7      | Reached skill level 5 in Dodging
  9603 | D:7      | Noticed Pikel
  9616 | D:7      | Killed Pikel
  9992 | D:6      | Found a stormy altar of Qazlal.
 10013 | D:6      | Found an opulent altar of Gozag.
 10016 | D:6      | Found a blossoming altar of Fedhas.
 10016 | D:6      | Found a snail-covered altar of Cheibriados.
 10017 | D:6      | Found a glowing silver altar of Zin.
 10038 | D:6      | Became a worshipper of Cheibriados the Contemplative
 10493 | D:7      | Noticed Maggie
 10518 | D:7      | Succumbed to a water moccasin's poison

Illustrated notes

Levels and vault maps discovered:
D:1:      dpeg_arrival_long_road, layout_basic
D:2:      layout_loops_ring, serial_shops, nicolae_shop_tiny_statue_garden,
          minmay_quadrilaterals, uniq_sigmund
D:3:      layout_basic, mainiacjoe_overflow_tiny_flanked,
          gup_sewer_entry_spiral, hangedman_abyss_or_decor_lesser_grid,
          uniq_ijyb
D:4:      layout_gridville
D:5:      lemuel_insect_pit, layout_cave_pools, temple_statues
D:6:      layout_basic, grunt_temple_overflow_open, kennysheep_potato
D:7:      layout_cave_pools, mainiacjoe_overflow_24_doors,
          kiku_gazebo_garden_becter, due_unseen_surprise, uniq_maggie,
          uniq_pikel
D:8:      minmay_statue_hallways, layout_rooms, chequers_mini_garden
Temple:   dpeg_chambers_temple

Skill      XL: |  1  2  3  4  5  6  7  8  9 |
---------------+----------------------------+-----
Stealth        | 1 2 3 4 5 6 |  6.8
Poison Magic   | 1 2 3 |  3.0
Dodging        | 2 3 4 5 |  5.0
Fighting       | 2 3 4 5 |  5.0
Spellcasting   | 3 4 |  4.0
Unarmed Combat | 4 5 7 |  7.6
Transmutations | 3 4 |  4.2

Action                     |  1- 3 |  4- 6 |  7- 9 || total
---------------------------+-------+-------+-------++-------
  Melee: Unarmed           |   115 |   276 |   285 ||   676
         Headbutt          |    15 |    20 |     4 ||    39
         Punch             |     2 |     1 |       ||     3
   Cast: Beastly Appendage |    32 |    35 |     4 ||    71
         Spider Form       |     1 |    13 |    37 ||    51
         Wereblood         |       |     8 |     3 ||    11
Ability: Spit Poison       |    12 |    10 |       ||    22
         End Transformatio |       |     3 |     3 ||     6
    Use: Scroll            |     4 |     1 |     6 ||    11
         Potion            |       |     1 |     2 ||     3
   Stab: Sleeping          |     2 |     6 |     3 ||    11
 Armour: Robe              |    33 |    48 |    30 ||   111
         Skin              |       |     7 |     9 ||    16
  Dodge: Dodged            |    72 |   135 |   271 ||   478
